 Dungeon Crawl Stone Soup version 0.26-a0-662-g8b9c6dab81 (webtiles) character file.

Game seed: 17130146102660857568

14614 grandjackal the Demonic Cataclysm (level 11, -6/90 HPs)
             Began as a Demonspawn Gladiator on Oct 10, 2020.
             Was a High Priest of Qazlal.
             Killed from afar by Fannar (40 damage)
             ... with a bolt of cold
             ... on level 11 of the Dungeon.
             The game lasted 00:16:46 (13434 turns).

grandjackal the Demonic Cataclysm (DsGl)           Turns: 13434, Time: 00:16:47

Health: -6/90      AC: 20    Str: 17    XL:     11   Next: 91%
Magic:  18/18      EV: 15    Int:  9    God:    Qazlal [*****.]
Gold:   529        SH: 11    Dex: 16    Spells: 10/10 levels left

rFire    + . .     SeeInvis .   k - +0 war axe (vorpal)
rCold    . . .     Faith    .   G - +0 buckler
rNeg     . . .     Spirit   .   b - +0 swamp dragon scales
rPois    +         Reflect  .   c - +0 helmet
rElec    .         Harm     .   l - +0 cloak
rCorr    .         Rampage  .   p - +2 pair of gloves
MR       .....                  (no boots)
Stlth    +.........             (no amulet)
HPRegen  0.25/turn              (no ring)
MPRegen  0.16/turn              (no ring)

@: protected from physical damage, repel missiles
A: demonic guardian 2, fire resistance 1, flame cloud immunity, sharp scales 2
a: Upheaval, Elemental Force, Disaster Area, Renounce Religion


You were on level 11 of the Dungeon.
You worshipped Qazlal.
Qazlal was extremely pleased with you.
You visited 2 branches of the dungeon, and saw 13 of its levels.

You collected 775 gold pieces.
You spent 246 gold pieces at shops.

Inventory:

Hand Weapons
 a - a +0 long sword
 k - a +0 vorpal war axe (weapon)
Missiles
 d - 7 throwing nets (quivered)
Armour
 b - +0 swamp dragon scales (worn)
 c - a +0 helmet (worn)
 l - a +0 cloak (worn)
 p - a +2 pair of gloves (worn)
 w - a +2 chain mail of cold resistance
 G - a +0 buckler (worn)
 I - a scarf of repulsion
Jewellery
 t - a +6 ring of strength {unknown}
Wands
 j - a wand of flame (29)
 s - a wand of paralysis (24)
 v - a wand of iceblast (10)
 y - a wand of polymorph (10)
 D - a wand of acid (10)
Scrolls
 e - 5 scrolls of teleportation {unknown}
 f - 12 scrolls of identify {unknown}
 g - a scroll of blinking {unknown}
 h - 4 scrolls of fog {unknown}
 n - 3 scrolls of enchant weapon {unknown}
 o - 2 scrolls of fear {unknown}
 q - 4 scrolls of amnesia {unknown}
 r - 3 scrolls of remove curse {unknown}
 x - 3 scrolls of magic mapping {unknown}
 C - 2 scrolls of holy word {unknown}
 E - a scroll of brand weapon {unknown}
 F - a scroll of vulnerability {unknown}
 H - a scroll of noise {unknown}
 J - a scroll of immolation {unknown}
Potions
 i - 3 potions of magic {unknown}
 m - a potion of berserk rage {unknown}
 u - 2 potions of flight
 z - 2 potions of mutation {unknown}
 A - 5 potions of curing
 B - a potion of invisibility
 K - a potion of ambrosia {unknown}


   Skills:
 + Level 10.0 Fighting
 - Level 3.4 Long Blades
 + Level 8.6 Axes
 - Level 1.7 Throwing
 + Level 7.0 Armour
 - Level 6.1 Dodging
 + Level 5.1 Shields
 + Level 10.1 Invocations


You had 10 spell levels left.
You didn't know any spells.
Your spell library contained the following spells:

 Spells                   Type           Power        Failure   Level
 Beastly Appendage        Tmut           #.....       56%         1
 Magic Dart               Conj           #...         56%         1
 Blink                    Tloc           N/A          71%         2
 Call Imp                 Summ           #.......     71%         2
 Slow                     Hex            #.......     71%         2
 Wereblood                Tmut           #.......     71%         2
 Conjure Flame            Conj/Fire      #.......     90%         3
 Mephitic Cloud           Conj/Pois/Air  #.......     90%         3
 Spider Form              Tmut/Pois      #.........   90%         3
 Ice Form                 Ice/Tmut       #.......     100%        4
 Blade Hands              Tmut           #.........   100%        5


Dungeon Overview and Level Annotations

Branches:
Dungeon (12/15)            Temple (1/1) D:5            Lair (0/6) D:8
    Orc (0/2) D:11

Altars:
Ashenzari
Cheibriados
Dithmenos
Elyvilon
Fedhas
Gozag
Hepliaklqana
Kikubaaqudgha
Makhleb
Nemelex Xobeh
Okawaru
Qazlal
Ru
Sif Muna
Trog
Uskayaw
Vehumet
Wu Jian
Xom
Yredelemnul
Zin
The Shining One

Shops:
D:8 *[

Annotations:
D:11 Fannar


Innate Abilities, Weirdness & Mutations

A demonic guardian rushes to your aid.
Your flesh is heat resistant. (rF+)
You are immune to clouds of flame.
You are mostly covered in razor-sharp scales. (AC +2, Slay +2)


Message History

You hear a horrible gurgling sound!
Fannar hits you but does no damage. The ice beast closely misses you.
The two-headed ogre hits your sixfirhy with a +0 giant club!!
Your sixfirhy dies!
You climb upwards.
The ice beast disappears in a puff of smoke! x2
There is a stone staircase leading down here.
You hit Fannar but do no damage.
Fannar is lightly wounded.
Fannar is engulfed in blazing flames.
Fannar's icy armour evaporates.
You block Fannar's attack.
You barely miss Fannar.
Fannar is lightly wounded.
Fannar is engulfed in blazing flames.
Fannar barely misses you.
You slash Fannar!
Fannar is heavily wounded.
Fannar is engulfed in freezing vapours.
Fannar points at you and mumbles some strange words.
The bolt of cold hits you!!!
You die...

.####.##...# #....### #.#
.....####..# ##....#.## ###
.....# #..####.....#..###.######
...).## #...#...........#.....#..
#.....###.................#####..
#...#..##<..##...#...####..# ##.
#.<###.....####..#(.## ##[# #.
#..# ##.......#..#.## #.#####.
...####.......○e@○.# #..##..#
...##.|....####°○4.### ##.....#
...........# #☼.....## ##..##..#
...........####..##...###....##.#
.......#.........####......_..#..
##.^.####........# ##.[..#.#.##.
###..###.........####..#......##.
# ##.##....#####..............##.
# #.......# #...........#....#


You could see Fannar and a friendly orange demon (summoned).

Vanquished Creatures
  4 two-headed ogres
  4 trolls
  A hornet (D:10)
  A meliai zombie (D:10)
  2 wyverns (D:11)
  A wraith (D:9)
  2 steam dragons (D:8)
  2 acid dragons (D:11)
  A water moccasin (D:10)
  3 orc warriors
  2 ice beasts
  An eye of draining (D:11)
  4 sky beasts
  3 necrophages (D:9)
  A black bear (D:10)
  3 phantoms
  2 wolves (D:8)
  An ogre (D:11)
  2 centaurs (D:10)
  6 big kobolds
  Blork the orc (D:4)
  3 bullfrogs
  2 gnoll sergeants
  A wyvern zombie (D:7)
  3 scorpions
  17 killer bees
  15 wights
  3 howler monkeys
  2 electric eels
  A crimson imp (D:8)
  2 hounds (D:7)
  2 bullfrog zombies
  2 human zombies (D:9)
  2 quasits
  3 orc wizards
  2 centaur skeletons
  An orc priest (D:11)
  Crazy Yiuf (D:5)
  5 jellies
  2 bullfrog skeletons (D:5)
  4 iguanas
  7 worker ants
  2 mummies (D:9)
  A hound skeleton (D:5)
  A hound zombie (D:6)
  9 adders
  6 gnolls
  2 howler monkey skeletons
  A shadow imp (D:9)
  8 white imps
  4 ufetubi
  An ooze (D:2)
  2 adder skeletons (D:5)
  4 worms
  An adder simulacrum (D:8)
  5 leopard geckos
  25 orcs
  8 bats
  7 giant cockroaches
  6 goblins
  9 hobgoblins
  4 jackals (D:9)
  7 quokkas
  10 frilled lizards
  A jackal skeleton (D:7)
  60 kobolds
  An orc skeleton (D:9)
  A quokka skeleton (D:5)
  11 rats
324 creatures vanquished.

Vanquished Creatures (collateral kills)
  Jorgrun (D:12)
  Harold (D:9)
  2 two-headed ogres
  Maggie (D:7)
  2 trolls (D:9)
  3 polar bears (D:8)
  3 yaks (D:9)
  Duvessa (D:7)
  A sky beast (D:9)
  An orc warrior (D:9)
  An ice beast (D:8)
  A centaur (D:5)
  An ogre (D:9)
  3 big kobolds
  Dowan (D:7)
  A scorpion (D:5)
  A wyvern skeleton (D:8)
  3 killer bees (D:9)
  5 wights
  2 orc priests
  2 bullfrog skeletons
  A centaur skeleton (D:11)
  2 orc wizards (D:7)
  An iguana (D:7)
  A worker ant (D:7)
  5 gnolls
  5 orcs
  A jackal (D:9)
  10 kobolds
  An orc skeleton (D:9)
64 creatures vanquished.

Vanquished Creatures (others)
  26 fungi (D:8)
  2 plants (D:2)
28 creatures vanquished.

Grand Total: 416 creatures vanquished

Notes
Turn   | Place    | Note
-------+----------+-------------------------------------------
     0 | D:1      | grandjackal the Demonspawn Gladiator began the quest for
                  | the Orb.
     0 | D:1      | Reached XP level 1. HP: 16/16 MP: 1/1
   232 | D:1      | Gained mutation: Your flesh is heat resistant. (rF+)
                  | [demonic ancestry]
   232 | D:1      | Reached XP level 2. HP: 22/22 MP: 2/2
   986 | D:2      | Gained mutation: You are partially covered in razor-sharp
                  | scales. (AC +1, Slay +1) [demonic ancestry]
   986 | D:2      | Reached XP level 3. HP: 22/28 MP: 3/3
  1534 | D:3      | Reached XP level 4. HP: 34/35 MP: 4/4
  2653 | D:4      | Noticed Blork the orc
  2661 | D:4      | Killed Blork the orc
  2661 | D:4      | Reached skill level 1 in Axes
  2661 | D:4      | Gained mutation: A weak demonic guardian rushes to your
                  | aid. [demonic ancestry]
  2661 | D:4      | Reached XP level 5. HP: 28/41 MP: 5/5
  2775 | D:4      | Found a sacrificial altar of Ru.
  2987 | D:4      | Found a hide-covered altar of Uskayaw.
  3332 | D:4      | Reached XP level 6. HP: 48/48 MP: 6/6
  3592 | D:4      | Gained mutation: A demonic guardian rushes to your aid.
                  | [demonic ancestry]
  3592 | D:4      | Reached XP level 7. HP: 25/55 MP: 7/7
  4147 | D:5      | Entered Level 5 of the Dungeon
  4167 | D:5      | Found a staircase to the Ecumenical Temple.
  4176 | Temple   | Entered the Ecumenical Temple
  4233 | D:5      | Found a shadowy altar of Dithmenos.
  4368 | D:5      | Reached skill level 5 in Dodging
  4372 | D:5      | Reached skill level 5 in Fighting
  4951 | D:5      | Found a hide-covered altar of Uskayaw.
  5431 | D:5      | Found a runed translucent door.
  5432 | D:5      | Noticed Crazy Yiuf
  5630 | D:5      | Killed Crazy Yiuf
  5801 | D:6      | Reached XP level 8. HP: 53/63 MP: 8/8
  5963 | D:6      | Found an iron altar of Okawaru.
  6495 | D:6      | Found a stormy altar of Qazlal.
  6496 | D:6      | Noticed an air elemental
  6505 | D:6      | Became a worshipper of Qazlal Stormbringer
  6527 | D:6      | Found a snail-covered altar of Cheibriados.
  6670 | D:6      | Found a shimmering blue altar of Sif Muna.
  6893 | D:7      | Noticed Duvessa
  6893 | D:7      | Noticed Dowan
  6896 | D:7      | Killed Duvessa
  6896 | D:7      | Reached skill level 1 in Invocations
  6900 | D:7      | Killed Dowan
  6901 | D:7      | Reached skill level 1 in Armour
  6908 | D:7      | Reached skill level 5 in Axes
  6931 | D:7      | Identified the +5 glaive "Ethre" {speed, rPois Str+4}
  7261 | D:7      | Noticed Maggie
  7269 | D:7      | Killed Maggie
  7269 | D:7      | Gained mutation: You are mostly covered in razor-sharp
                  | scales. (AC +2, Slay +2) [demonic ancestry]
  7269 | D:7      | Reached XP level 9. HP: 56/71 MP: 11/11
  7501 | D:7      | Reached * piety under Qazlal
  7881 | D:8      | Noticed a polar bear
  7881 | D:8      | Noticed a polar bear
  7888 | D:8      | Killed a polar bear
  7888 | D:8      | Killed a polar bear
  7912 | D:8      | Reached skill level 5 in Invocations
  7947 | D:8      | Noticed a polar bear
  7953 | D:8      | Killed a polar bear
  8089 | D:8      | Found Gyrhot's Armour Emporium.
  8301 | D:8      | Found a staircase to the Lair.
  8829 | D:8      | Noticed a two-headed ogre
  8834 | D:8      | Reached ** piety under Qazlal
  8839 | D:8      | Killed a two-headed ogre
  8839 | D:8      | Gained mutation: You are immune to clouds of flame.
                  | [demonic ancestry]
  8839 | D:8      | Reached XP level 10. HP: 79/80 MP: 14/14
  8851 | D:8      | Found Ymiehov's Assorted Antiques.
  8859 | D:8      | Bought a scroll labeled IGGAEF ABLE for 29 gold pieces
  8859 | D:8      | Bought a scroll labeled JOOTUS QOJ DUA for 29 gold pieces
  8859 | D:8      | Bought a buckler for 130 gold pieces
  8859 | D:8      | Bought a scroll labeled SOUTUZ MAUPH for 29 gold pieces
  8859 | D:8      | Bought a scroll labeled WESYIX OZOU for 29 gold pieces
  8877 | D:8      | Found an ornate altar of the Wu Jian Council.
  9025 | D:8      | Found a burning altar of Makhleb.
  9026 | D:8      | Found a radiant altar of Vehumet.
  9125 | D:9      | Noticed a two-headed ogre
  9130 | D:9      | Killed a two-headed ogre
  9130 | D:9      | Reached skill level 1 in Shields
  9247 | D:9      | Noticed a two-headed ogre
  9256 | D:9      | Reached skill level 5 in Armour
  9551 | D:9      | Killed a two-headed ogre
  9706 | D:9      | Reached *** piety under Qazlal
  9711 | D:9      | Noticed Harold
  9720 | D:9      | HP: 2/82 [ice devil collision (13)]
  9739 | D:9      | Killed Harold
  9760 | D:8      | HP: 1/82 [killer bee (5)]
  9765 | D:8      | HP: 1/82 [killer bee (1)]
 10175 | D:9      | Reached XP level 11. HP: 89/89 MP: 17/17
 10184 | D:9      | Noticed a two-headed ogre
 10198 | D:9      | Killed a two-headed ogre
 10214 | D:9      | Found a basalt altar of Yredelemnul.
 10306 | D:9      | Found a blossoming altar of Fedhas.
 10443 | D:9      | Noticed a two-headed ogre
 10453 | D:9      | Killed a two-headed ogre
 10728 | D:10     | Entered Level 10 of the Dungeon
 10853 | D:10     | Reached **** piety under Qazlal
 11783 | D:11     | Noticed a two-headed ogre
 11793 | D:11     | Killed a two-headed ogre
 11878 | D:11     | Found a snail-covered altar of Cheibriados.
 12130 | D:11     | Found a shimmering altar of Xom.
 12308 | D:11     | Found a staircase to the Orcish Mines.
 12541 | D:11     | Reached ***** piety under Qazlal
 13417 | D:12     | Noticed Jorgrun
 13418 | D:12     | Noticed Fannar
 13420 | D:12     | Noticed a two-headed ogre
 13428 | D:12     | Killed Jorgrun
 13428 | D:12     | Reached skill level 10 in Fighting
 13428 | D:12     | Reached skill level 5 in Shields
 13428 | D:12     | Reached skill level 10 in Invocations
 13434 | D:11     | Killed from afar by Fannar

Illustrated notes

Levels and vault maps discovered:
D:1:      elethiomel_arrival_shortcut, layout_basic
D:2:      layout_rooms, st_stairs_4, minivault_11, minmay_misc_feat_five,
          minmay_lizard_king
D:3:      layout_loops_corners, minmay_circle_x
D:4:      minmay_goblin_kobold_castle, layout_loops_ring, old_standard_altar,
          nicolae_ru_great_annihilating_truth, uniq_blork_the_orc
D:5:      kennysheep_spiral_hall, layout_loops_ring, grunt_dithmenos_smoke,
          minmay_temple_entry_butterflies, basic_altar, serial_rivers,
          chequers_serial_rivers_small_b, chequers_serial_rivers_small_b,
          chequers_serial_rivers_room_b, chequers_serial_rivers_micro_b,
          chequers_serial_rivers_small_3, minmay_misc_feat_enclosed,
          uniq_crazy_yiuf_cottage
D:6:      layout_loops_cross, nicolae_qazlal_style_of_elements, okawaru_trees_2,
          nicolae_overflow_crystal_walls, lemuel_blue_sif_altar,
          water_maze_lemuel
D:7:      layout_rooms, grunt_tough_drop, uniq_duvessa, uniq_maggie
D:8:      kennysheep_steamy, layout_basic,
          grunt_temple_overflow_lords_of_destruction, overflow_temple_1_default,
          lair_entry_dummy, serial_shops, kennysheep_little_box,
          nicolae_shop_crystal, serial_ice, serial_ice_e, serial_ice_h,
          serial_ice_c, serial_ice_g, serial_ice_m, serial_ice_b, serial_ice_o,
          st_stairs_11
D:9:      layout_roguey, old_standard_altar, lemuel_mausoleum_altar_yredelemnul,
          uniq_harold
D:10:     layout_irregular_city
D:11:     layout_layer_cave, david_orc_2, nrook_loot_triangle,
          hangedman_feature_mirror
D:12:     layout_rooms, serial_shops, kennysheep_mini, shop,
          nicolae_shop_behind_doors, gammafunk_ghost_hive, uniq_jorgrun,
          uniq_fannar
Temple:   eino_wide_crystal_templ

Skill      XL: |  1  2  3  4  5  6  7  8  9 10 11 |
---------------+----------------------------------+-----
Long Blades    | 3 |  3.4
Dodging        | 3 4 5 6 |  6.1
Fighting       | 3 4 5 6 8 9 10 | 10.0
Axes           | 1 2 4 5 6 7 8 |  8.6
Invocations    | 3 6 8 10 | 10.1
Armour         | 2 4 5 7 |  7.0
Shields        | 3 5 |  5.1
Throwing       | |  1.7

Action                   |  1- 3 |  4- 6 |  7- 9 | 10-12 || total
-------------------------+-------+-------+-------+-------++-------
Melee: Long sword        |    99 |   197 |   196 |       ||   492
       War axe           |       |       |   189 |   388 ||   577
Throw: Throwing net      |       |       |       |     3 ||     3
Evoke: Wand              |       |       |     2 |       ||     2
  Use: Potion            |       |       |     4 |     3 ||     7
 Stab: Paralysed         |       |     2 |       |       ||     2
       Sleeping          |       |     1 |     1 |       ||     2
       Distracted        |       |       |     1 |     2 ||     3
       Invisible         |       |       |       |     5 ||     5
Armor: Leather armour    |    35 |    67 |    88 |       ||   190
       Swamp dragon scal |       |       |   110 |   146 ||   256
Dodge: Dodged            |   102 |   197 |   386 |   345 ||  1030
       Repelled          |       |       |       |     2 ||     2
Block: Other             |       |       |    12 |    22 ||    34
       Buckler           |       |       |       |   149 ||   149
       Rpst.: Long sword |    37 |    48 |    60 |       ||   145

Table legend: (Time is in decaauts)
 A = Elapsed time spent in this place.
 B = Non-inter-level travel time spent in this place.
 C = Inter-level travel time spent in this place.
 D = Time resting spent in this place.
 E = Time spent auto-exploring this place.
 F = Levels seen in this place.
 G = Mean time per level.
                   A        B        C        D        E       F      G
               +--------+--------+--------+--------+--------+-----+--------+
         Total |  13646 |  13350 |    296 |   2890 |   7883 |  13 | 1049.7 |
       Dungeon |  13594 |  13298 |    296 |   2890 |   7883 |  12 | 1132.8 |
        Temple |     52 |     52 |      0 |      0 |      0 |   1 |   52.0 |
               +--------+--------+--------+--------+--------+-----+--------+

Top non-repeatable levels by time:
     D:8: 1837 daAuts
    D:11: 1654 daAuts
     D:4: 1635 daAuts
     D:5: 1551 daAuts
     D:6: 1388 daAuts
     D:3: 1113 daAuts
     D:9: 1088 daAuts
    D:10: 1060 daAuts
     D:1: 869 daAuts
     D:7: 770 daAuts
     D:2: 608 daAuts
  Temple: 52 daAuts
    D:12: 14 daAuts
